 Dungeon Crawl Stone Soup version 0.17-a0-1909-g0b14330 (webtiles) character file.

118 Japsu the Digger (level 4, -3/37 HPs)
             Began as a Deep Dwarf Earth Elementalist on Sept 25, 2015.
             Killed by divine providence
             ... invoked by an orc priest
              (10 damage)
             ... on level 2 of the Dungeon.
             The game lasted 00:47:06 (2881 turns).

Japsu the Digger (Deep Dwarf Earth Elementalist)    Turns: 2881, Time: 00:47:06

Health: -3/37      AC:  6    Str: 12    XL:     4   Next: 72%
Magic:  1/8        EV: 11    Int: 16    God:
Gold:   82         SH:  0    Dex: 13    Spells: 2 memorised, 5 levels left

rFire  . . .     SeeInvis .     p - +0 hand axe
rCold  + + .     Clarity  .     s - +1 ring mail of the Locust {rF+ rCorr Stlth+}
rNeg   . . .     SustAt   .     (no shield)
rPois  .         Gourm    .     (no helmet)
rElec  .         Spirit   .     (no cloak)
rCorr  +         Warding  .     (no gloves)
rMut   .         Stasis   .     (no boots)
MR     .....                    (no amulet)
Stlth  +++.......               l - ring of ice
                                g - ring of protection from cold

@: very slightly contaminated, non-regenerating, not resistant to hostile
enchantments, fairly stealthy
A: damage resistance, recharge devices, sense surroundings 1, slow healing 3
a: Device Recharging


You were on level 2 of the Dungeon.
You were hungry.

You visited 1 branch of the dungeon, and saw 2 of its levels.

You collected 82 gold pieces.

Inventory:

Hand weapons
 h - a +0 spear
 m - a +0 hand axe
 p - a +0 hand axe (weapon)
Missiles
 a - 69 stones (quivered)
 j - 15 bolts
 k - 53 sling bullets
 o - 10 arrows
 z - 13 poisoned arrows
Armour
 b - a +0 robe
 q - a +0 plate armour
 s - the +1 ring mail of the Locust (worn) {rF+ rCorr Stlth+}
   (You found it on level 2 of the Dungeon)

   It protects you from fire.
   It protects you from acid and corrosion.
   It makes you more stealthy.
 x - a +0 leather armour
Jewellery
 g - a ring of protection from cold (left hand)
 l - a ring of ice (right hand)
Magical devices
 d - a wand of heal wounds (0)
Scrolls
 t - 2 scrolls of remove curse
 y - 2 scrolls of magic mapping {unknown}
Potions
 f - a potion of curing {unknown}
 r - a potion of might {unknown}
 u - a potion of poison {unknown}
 v - a potion of lignification {unknown}
Books
 c - a book of Geomancy

   Spells                             Type                      Level
   a - Sandblast                      Earth                        1
   b - Stoneskin                      Transmutation/Earth          2
   c - Passwall                       Transmutation/Earth          3
   d - Stone Arrow                    Conjuration/Earth            3
   e - Petrify                        Transmutation/Earth          4
   f - Lee's Rapid Deconstruction     Earth                        5
Comestibles
 e - 5 bread rations
 w - a beef jerky
 A - 7 chunks of flesh


   Skills:
 - Level 0.3 Fighting
 - Level 0.5 Throwing
 + Level 0.4 Armour
 + Level 3.0 Dodging
 - Level 2.8 Stealth
 + Level 2.6 Spellcasting
 + Level 1.0 Transmutations
 + Level 5.2 Earth Magic
 * Level 0.3 Evocations


You had 5 spell levels left.
You knew the following spells:

 Your Spells              Type           Power        Failure   Level  Hunger
a - Sandblast             Erth           ###...       8%          1    #......
b - Stoneskin             Trmt/Erth      ##......     21%         2    ##.....


Dungeon Overview and Level Annotations

Branches:
Dungeon (2/15)

Altars:


Innate Abilities, Weirdness & Mutations

You are resistant to damage.
You can recharge devices by infusing magical energy.
You passively map a small area around you.
You do not heal naturally.


Message History

The orc priest is lightly wounded.
The orc priest hits you with a club.
The orc wizard mumbles some strange words.
The orc wizard blinks!
You closely miss the orc priest.
The orc priest is lightly wounded.
The orc priest hits you with a club.
* * * LOW HITPOINT WARNING * * *
You hit the orc priest but do no damage.
The orc priest is lightly wounded.
The orc priest closely misses you.
You completely miss the orc priest.
The orc priest is lightly wounded.
The orc priest miscasts a cantrip.
The orc priest casts a cantrip, but nothing happens.
You hit the orc priest.
The orc priest is moderately wounded.
The orc priest calls down the wrath of Beogh upon you.
Something smites you!
You die...

###### #oo§§############
##o##§§o§o§o.oo..#
##8@8############†#
##.....## #(# ###
##8.....8## #.# ..#
##.........## #.# ..#
###8.........8### #o# ..#
#)'.........).+.# #(# ..#
#.#8.........8#.# #.#
..#######.##.........##.#
###)##
..>........##8.....8##..#
#..(..


You could see 2 orc priests and an orc wizard (inner flame).

Vanquished Creatures
  5 adders (D:2)
  An ooze (D:1)
  A worm (D:2)
  3 giant geckos
  2 orcs (D:2)
  A ball python (D:2)
  6 bats
  6 goblins
  6 hobgoblins
  12 jackals
  4 kobolds
  2 giant cockroaches
  A giant newt (D:2)
  11 rats
61 creatures vanquished.

Notes
Turn   | Place    | Note
--------------------------------------------------------------
     0 | D:1      | Japsu the Deep Dwarf Earth Elementalist began the quest for the Orb.
     0 | D:1      | Reached XP level 1. HP: 15/15 MP: 3/3
   158 | D:1      | Reached XP level 2. HP: 10/22 MP: 0/4
   414 | D:1      | Learned a level 2 spell: Stoneskin
   868 | D:1      | Reached skill level 1 in Transmutations
   868 | D:1      | Reached XP level 3. HP: 20/28 MP: 2/6
  1401 | D:2      | Got an ichor-stained ring mail
  1405 | D:2      | Identified the cursed +1 ring mail of the Locust {rF+ rCorr Stlth+} (You found it on level 2 of the Dungeon)
  1823 | D:2      | Reached skill level 5 in Earth Magic
  2111 | D:2      | Reached XP level 4. HP: 34/36 MP: 3/7
  2881 | D:2      | Killed from afar by an orc priest

Vault maps used:
D:1:      evilmike_arrival_fibonacci_small
D:2:      dk_noncrumbling_4, st_stairs_12

Action                   |  1- 3 |  4- 6 || total
-------------------------+-------+-------++-------
Melee: Spear             |    35 |       ||    35
       Hand axe          |    32 |    64 ||    96
Throw: Stone             |    40 |    16 ||    56
 Cast: Sandblast         |    52 |    33 ||    85
       Stoneskin         |     3 |     3 ||     6
Evoke: Wand              |     2 |     3 ||     5
  Use: Scroll            |     7 |     5 ||    12
 Stab: Sleeping          |     2 |       ||     2
  Eat: Chunk             |     1 |     2 ||     3
       Bread ration      |     1 |       ||     1
